 Dungeon Crawl Stone Soup version 0.18.1-6-gd335043 (webtiles) character file.

247 Brrr the Digger (level 6, -1/32 HPs)
             Began as a Gargoyle Earth Elementalist on May 15, 2016.
             Killed from afar by an orc wizard (5 damage)
             ... with a magic dart
             ... on level 4 of the Dungeon.
             The game lasted 00:09:51 (4274 turns).

Brrr the Digger (Gargoyle Earth Elementalist)       Turns: 4274, Time: 00:09:52

Health: -1/32      AC: 11    Str: 12    XL:     6   Next: 11%
Magic:  9/12       EV: 12    Int: 17    God:
Gold:   165        SH:  0    Dex: 10    Spells: 3 memorised, 4 levels left

rFire  . . .     SeeInvis .     b - 48 stones
rCold  . . .     Gourm    .     a - +0 robe
rNeg   + . .     Faith    .     (no shield)
rPois  ∞         Spirit   .     (no helmet)
rElec  +         Dismiss  .     (no cloak)
rCorr  .         Reflect  .     (no gloves)
SustAt .         Harm     .     m - +0 pair of boots
MR     .....                    (no amulet)
Stlth  ++........               (no ring)
                                x - +4 ring of protection

@: very slightly contaminated, not resistant to hostile enchantments, unstealthy
A: negative energy resistance 1, electricity resistance, unbreathing,
petrification resistance, rot immunity, AC +4
a: no special abilities


You were on level 4 of the Dungeon.
You were not hungry.

You visited 1 branch of the dungeon, and saw 4 of its levels.

You collected 165 gold pieces.

Inventory:

Hand Weapons
 e - a +0 dagger of venom
 g - a +0 dagger of venom
 l - a +1 hand axe of flaming
 p - a +2 dagger of speed
 t - a +0 mace
Missiles
 b - 48 stones (in hand)
Armour
 a - a +0 robe (worn)
 m - a +0 pair of boots (worn)
Jewellery
 x - a +4 ring of protection (left hand)
Scrolls
 j - 3 scrolls of remove curse
 o - a scroll of amnesia
 q - a scroll of magic mapping
Potions
 h - 3 potions of lignification
 i - a potion of magic
 k - 4 potions of curing
 n - a potion of heal wounds {unknown}
 r - 2 potions of brilliance {unknown}
 s - a potion of flight {unknown}
 u - a potion of agility {unknown}
 v - a potion of mutation {unknown}
 w - a potion of invisibility {unknown}
Books
 c - a book of Geomancy

   Spells                             Type                      Level
   a - Sandblast                      Earth                        1
   b - Passwall                       Transmutation/Earth          2
   c - Stone Arrow                    Conjuration/Earth            3
   d - Petrify                        Transmutation/Earth          4
   e - Lee's Rapid Deconstruction     Earth                        5
Comestibles
 d - 4 bread rations
 f - 3 meat rations


   Skills:
 - Level 1.5 Dodging
 - Level 2.1 Stealth
 * Level 4.4 Spellcasting
 + Level 2.1 Conjurations
   Level 0.7 Transmutations
 + Level 5.2 Earth Magic


You had 4 spell levels left.
You knew the following spells:

 Your Spells              Type           Power        Failure   Level  Hunger
a - Sandblast             Erth           ###...       1%          1    None
b - Stone Arrow           Conj/Erth      ###...       12%         3    ###....
c - Lee's Rapid Deconstr  Erth           ###.......   58%         5    ######.


Dungeon Overview and Level Annotations

Branches:
Dungeon (4/15)
 Temple: D:4-7

Altars:
Ashenzari
Okawaru


Innate Abilities, Weirdness & Mutations

You are resistant to torment.
Your stone body is resilient (AC +4).
You are immune to poison.
You resist negative energy.
You are resistant to electric shocks.
You can survive without breathing.
You are immune to petrification.
You are immune to rotting.


Message History

The orc wizard gestures at you while chanting.
The magic dart hits you!
* * * LOW HITPOINT WARNING * * *
Casting: Sandblast
Confirm with . or Enter, or press ? or * to list all spells.
Okay, then.
Drink which item? (? for menu, Esc to quit)
It was a potion of magic.
Magic courses through your body.
The orc wizard casts a spell.
The orc wizard blinks!
Casting: Sandblast
Confirm with . or Enter, or press ? or * to list all spells.
Aiming: Stone Arrow
Press: ? - help, Shift-Dir - straight line, f - worm, p - orc wizard
Aim: a worm (translocational energy, heavily wounded)
The stone arrow hits the worm.
You kill the worm!
The orc wizard gestures at you while chanting.
The magic dart hits you!
You die...

##.........'.§.......'.......
#.......#.##.....<..o##.#...#
#..#.#.##.###..5o...## # #
#..#.#.##.# ##.....##
#..#...##.# ##...##
#.........# ##)## #.###..####
#.# #......## #§# #.......#
##@## #.###.#.# ##...## #.#
#.#.# #..<..# #.# #.#.#
##...## #.# #.#.### ##.## #.#
#.....######## #.#
###.#.........
#.#####.########## #.......#


You could see an orc wizard and a crimson imp.

Vanquished Creatures
  2 orc priests (D:3)
  2 orc wizards
  Ijyb (D:2)
  2 adders
  2 worms
  A dart slug (D:2)
  2 giant geckos
  13 orcs
  4 bats
  2 giant cockroaches
  14 goblins
  5 hobgoblins
  2 jackals (D:2)
  5 kobolds (D:2)
  A quokka (D:2)
  6 giant newts
  4 rats
68 creatures vanquished.

Notes
Turn   | Place    | Note
--------------------------------------------------------------
     0 | D:1      | Brrr the Gargoyle Earth Elementalist began the quest for the Orb.
     0 | D:1      | Reached XP level 1. HP: 10/10 MP: 3/3
   533 | D:1      | Reached XP level 2. HP: 15/15 MP: 5/5
   741 | D:1      | Reached skill level 4 in Earth Magic
  1245 | D:2      | Noticed Ijyb
  1252 | D:2      | Reached XP level 3. HP: 19/19 MP: 7/7
  1271 | D:2      | Learned a level 3 spell: Stone Arrow
  1284 | D:2      | Killed Ijyb
  1309 | D:2      | Reached XP level 4. HP: 19/24 MP: 8/8
  2141 | D:2      | Found an iron altar of Okawaru.
  2141 | D:2      | Found a shattered altar of Ashenzari.
  2438 | D:2      | Reached skill level 1 in Conjurations
  2438 | D:2      | Reached XP level 5. HP: 9/28 MP: 0/10
  2652 | D:3      | Reached skill level 5 in Earth Magic
  2696 | D:3      | Learned a level 5 spell: Lee's Rapid Deconstruction
  4262 | D:4      | Reached XP level 6. HP: 24/32 MP: 9/12
  4274 | D:4      | Killed from afar by an orc wizard

Skill      XL: |  1  2  3  4  5 |
---------------+----------------+-----
Earth Magic    | 4 5 |  5.2
Spellcasting   | 3 4 |  4.4
Conjurations   | 1 2 |  2.1
Dodging        | |  1.5
Stealth        | |  2.1
Transmutations | |  0.7

Action                   |  1- 3 |  4- 6 || total
-------------------------+-------+-------++-------
Melee: Dagger            |    91 |    61 ||   152
       Hand axe          |       |    61 ||    61
 Cast: Sandblast         |       |    23 ||    23
       Stone Arrow       |       |     6 ||     6
  Use: Scroll            |       |     8 ||     8
       Potion            |       |     1 ||     1
 Stab: Sleeping          |     1 |     4 ||     5
  Eat: Chunk             |     1 |     8 ||     9
       Bread ration      |       |     1 ||     1
Armor: Robe              |    26 |    51 ||    77
Dodge: Dodged            |    37 |    95 ||   132
